 Dungeon Crawl Stone Soup version 0.29.0-15-g675c0067aa (webtiles) character file.

Game seed: 14075517197209570024

65 xian the Cudgeller (level 4, 0/34 HPs)
             Began as a Formicid Wanderer on Sept 11, 2022.
             Slain by a gnoll
             ... wielding a +0 flail
              (3 damage)
             ... on level 3 of the Dungeon.
             The game lasted 00:05:53 (2135 turns).

xian the Cudgeller (Formicid Wanderer)              Turns: 2135, Time: 00:05:53

Health: 0/34       AC:  4    Str: 23    XL:     4   Next: 34%
Magic:  5/8        EV: 11    Int:  9    God:
Gold:   68         SH:  0    Dex: 15    Spells: 3/7 levels left

rFire   . . .      SeeInvis +   a - +2 mace
rCold   . . .      Faith    .   (no shield)
rNeg    . . .      Spirit   .   d - +0 leather armour
rPois   .          Reflect  .   (helmet unavailable)
rElec   .          Harm     .   b - +0 cloak
rCorr   .          Rampage  .   (no gloves)
Will    .....                   (no boots)
Stlth   ++........              (no amulet)
HPRegen 0.11/turn               (no ring)
MPRegen 0.11/turn               (no ring)

@: no status effects
A: permanent stasis, dig shafts and tunnels, antennae 3, four strong arms, agile
1, high MP 1, strong 1
a: Dig, Shaft Self


You were on level 3 of the Dungeon.
You visited 1 branch of the dungeon, and saw 3 of its levels.

You collected 110 gold pieces.
You spent 42 gold pieces at shops.

Inventory:

Hand Weapons
 a - a +2 mace (weapon)
Missiles
 k - 4 boomerangs (quivered)
Armour
 b - a +0 cloak (worn)
 d - a +0 leather armour (worn)
Jewellery
 f - a ring of flight
Scrolls
 e - a scroll of teleportation
 n - a scroll of fear
Potions
 c - 2 potions of lignification
 j - a potion of curing {unknown}
 l - a potion of mutation
 m - a potion of haste {unknown}


   Skills:
 + Level 2.5 Fighting
 + Level 3.5 Maces & Flails
 + Level 0.2 Throwing
 + Level 1.3 Armour
 + Level 1.1 Dodging
 + Level 1.2 Stealth
 + Level 2.2 Spellcasting
 + Level 2.4 Summonings


You had 3 spell levels left.
You knew the following spells:

 Your Spells              Type           Power      Damage    Failure   Level
a - Summon Small Mammal   Summ           20%        N/A       14%         1
b - Summon Guardian Gole  Hex/Summ       3%         N/A       56%         3

Your spell library contained the following spells:

 Spells                   Type           Power      Damage    Failure   Level
 Portal Projectile        Hex/Tloc       0%         N/A       75%         3
 Tukima's Dance           Hex            0%         N/A       75%         3
 Blade Hands              Tmut           0%         N/A       100%        5


Dungeon Overview and Level Annotations

Branches:
Dungeon (3/15)

Altars:
Ashenzari
Hepliaklqana

Shops:
D:2 ?


Innate Abilities, Weirdness & Mutations

You cannot be hasted, slowed, berserked, paralysed or teleported.
You can dig through walls and to a lower floor.
You have a pair of large antennae on your head. (SInv)
Your four strong arms can wield two-handed weapons with a shield.
You are agile. (Dex +4, Str/Int -1)
You have an increased reservoir of magic. (+10% MP)
Your muscles are strong. (Str +4, Int/Dex -1)


Message History

You throw a poisoned dart. The poisoned dart hits the gnoll.
The gnoll is poisoned.
Unknown command.
Throw: 3 darts (poison)
Press: ? - help, Q - select action, (/) - cycle Shift-Dir - straight line, f/p - gnoll
Aim: a gnoll, wielding a +0 club (severely wounded, poisoned, 63% to hit)
You throw a poisoned dart.
The poisoned dart barely misses the gnoll.
The poisoned dart barely misses the gnoll.
The gnoll looks more healthy.
You are too injured to fight recklessly!
Casting: Summon Small Mammal (safe; 14% risk of failure)
Confirm with . or Enter, or press ? or * to list all spells.
Unknown command.
Throw: 2 darts (poison)
Press: ? - help, Q - select action, (/) - cycle Shift-Dir - straight line, f/p - gnoll
Aim: a gnoll, wielding a +0 club (severely wounded, 63% to hit)
You throw a poisoned dart.
The poisoned dart completely misses the gnoll.
The poisoned dart hits the gnoll.
The gnoll is poisoned.
The gnoll is severely wounded.
Your bat hits the gnoll.
Throw: dart (poison)
Press: ? - help, Q - select action, (/) - cycle Shift-Dir - straight line, f/p - gnoll
Aim: a gnoll, wielding a +0 club (almost dead, poisoned, 63% to hit)
You throw a poisoned dart. The poisoned dart hits the gnoll.
The gnoll is almost dead.
Your bat hits the gnoll but does no damage.
The gnoll hits you from afar with a +0 halberd!
* * * LOW HITPOINT WARNING * * *
The gnoll closely misses you. The gnoll attacks as you move away!
The gnoll misses you.
The gnoll looks more healthy.
Your bat hits the gnoll.
You kill the gnoll!
Your bat hits the gnoll but does no damage.
Your bat barely misses the gnoll.
Your bat closely misses the gnoll.
Casting: Summon Small Mammal (safe; 14% risk of failure)
Confirm with . or Enter, or press ? or * to list all spells.
Your bat completely misses the gnoll.
The gnoll hits you with a +0 flail.
You die...

###.......#########...
#................#.##
#.#.#####..#####...##
#.#..###....>#.......
#..........####.#####
#......#...........
#.b....#........... #.
#....b.##..##+##..# .#
#.@gg..)#..#...#..# #
#..#....##)#._.#.##
#.#..#.##.(###...###.
#.##.#.###.(.#####...
#....#.####.....(((..
#.....†.###.#........
#....................
#............#...####
................#......#


You could see 2 gnolls and 2 friendly bats.

Vanquished Creatures
  An adder (D:3)
  A gnoll (D:3)
  2 worms
  A dart slug (D:1)
  2 bats
  2 endoplasms (D:2)
  A giant cockroach (D:1)
  3 hobgoblins (D:1)
  6 kobolds
  A ball python (D:2)
  A goblin (D:2)
  2 rats (D:1)
23 creatures vanquished.

Vanquished Creatures (collateral kills)
  An adder (D:2)
  A bat (D:3)
  2 endoplasms (D:1)
  A hobgoblin (D:2)
  A frilled lizard (D:1)
6 creatures vanquished.

Grand Total: 29 creatures vanquished

Notes
Turn   | Place    | Note
-------+----------+-------------------------------------------
     0 | D:1      | xian the Formicid Wanderer began the quest for the Orb.
     0 | D:1      | xian set off with the following items: a +2 mace, a +0
                  | cloak, a potion of lignification, a +0 leather armour; and
                  | the following spell memorised: Summon Small Mammal; and the
                  | following spells available to memorise: Summon Guardian
                  | Golem.
     0 | D:1      | Reached XP level 1. HP: 16/16 MP: 2/2
   136 | D:1      | Reached XP level 2. HP: 22/23 MP: 0/3
   812 | D:1      | Found a hazy altar of Hepliaklqana.
   862 | D:2      | Reached XP level 3. HP: 28/28 MP: 1/5
  1335 | D:2      | Found Utuyr's Magic Scroll Shoppe.
  1343 | D:2      | Bought a scroll of noise for 14 gold pieces
  1343 | D:2      | Bought a scroll of identify for 28 gold pieces
  1537 | D:2      | Gained mutation: You have an increased reservoir of magic.
                  | (+10% MP) [potion of mutation]
  1537 | D:2      | Gained mutation: You are agile. (Dex +4, Str/Int -1)
                  | [potion of mutation]
  1537 | D:2      | Gained mutation: Your muscles are strong. (Str +4, Int/Dex
                  | -1) [potion of mutation]
  1965 | D:3      | Reached XP level 4. HP: 34/34 MP: 5/7
  1997 | D:3      | Learned a level 3 spell: Summon Guardian Golem
  2019 | D:3      | Reached skill level 1 in Armour
  2090 | D:3      | Found a broken altar of Ashenzari.
  2135 | D:3      | Slain by a gnoll

Illustrated notes

Levels and vault maps discovered:
D:1:      dpeg_arrival_water_altar, layout_loops_cross, minmay_tromino_v4_a
D:2:      layout_loops_cross, serial_shops, shop, nicolae_underground_beach
D:3:      layout_basic, nicolae_ashenzari_skybound, serial_co_window_serial,
          co_window_of_opportunity_a, co_window_corner_a,
          co_window_of_opportunity_a, co_window_corner_a, co_window_paths_b,
          co_window_paths_a, co_window_of_opportunity_a, co_window_paths_b,
          co_window_paths_b, co_window_corner_cb, co_window_corner_cb,
          co_window_broadway_c, co_window_of_opportunity_b, co_window_paths_c,
          glass_columns_a, glass_columns_a, glass_columns_b, glass_columns_a,
          shapermc_ecumenical_altar_mp_urbaneastern

Skill      XL: |  1  2  3  4 |
---------------+-------------+-----
Spellcasting   | 2 |  2.2
Armour         | 1 |  1.3
Fighting       | |  2.5
Maces & Flails | |  3.5
Throwing       | |  0.2
Dodging        | |  1.1
Stealth        | |  1.2
Summonings     | |  2.4

Action                   |  1- 3 |  4- 6 || total
-------------------------+-------+-------++-------
Melee: Mace              |    62 |     3 ||    65
Throw: Dart              |    11 |    11 ||    22
 Cast: Summon Small Mamm |    24 |     5 ||    29
  Use: Scroll            |     4 |       ||     4
       Potion            |     1 |       ||     1
Armor: Leather armour    |    18 |     3 ||    21
Dodge: Dodged            |    48 |     5 ||    53
